 Dungeon Crawl Stone Soup version 0.30.0-15-g856e2d3f33 (webtiles) character file.

Game seed: 12592019600007795924

539 Kenran the Carver (level 7, -2/51 HPs)
             Began as a Barachi Gladiator on May 18, 2023.
             Slain by a wyvern (11 damage)
             ... on level 5 of the Dungeon.
             The game lasted 00:06:59 (3758 turns).

Kenran the Carver (Barachi Gladiator)               Turns: 3758, Time: 00:06:59

Health: -2/51      AC: 13    Str: 16    XL:     7   Next: 26%
Magic:  16/16      EV: 10    Int:  8    God:
Gold:   156        SH:  0    Dex: 15    Spells: 6/6 levels left

rFire   + . .        a - +0 long sword
rCold   + . .        (no shield)
rNeg    . . .        i - +4 scale mail of the Beginning {Rampage Fly rPois MP+9}
rPois   +            c - +0 helmet
rElec   +            (no cloak)
rCorr   +            f - +0 pair of gloves
SInv    .            b - +0 pair of boots
Will    .....        (no amulet) Stlth
                     (no ring)
HPRegen 0.28/turn    (no ring)
MPRegen 0.15/turn

%: rampage
@: mighty, brilliant, resistant, attractive, flying, slow
A: amphibious, slowness 1, strong legs 1, +LOS
a: Hop


You were on level 5 of the Dungeon.
You visited 1 branch of the dungeon, and saw 5 of its levels.

You collected 156 gold pieces.

Inventory:

Hand Weapons
 a - a +0 long sword (weapon)
Missiles
 d - 3 throwing nets (quivered)
 e - a javelin
Armour
 b - a +0 pair of boots (worn)
 c - a +0 helmet (worn)
 f - a +0 pair of gloves (worn)
 g - a +0 kite shield
 i - the +4 scale mail of the Beginning (worn) {Rampage Fly rPois MP+9}
   (You acquired it on level 3 of the Dungeon)

   rPois:     It protects you from poison.
   MP:        It affects your magic capacity (+9).
   Fly:       It grants you flight.
   Rampage:   It bestows one free step when moving towards enemies.
Wands
 l - a wand of iceblast (4)
Scrolls
 h - a scroll of fear
 j - a scroll of poison {!r}
 o - a scroll of amnesia {unknown}
 u - a scroll of blinking
Potions
 n - a potion of lignification {unknown}
 p - a potion of might
 q - a potion of haste {unknown}
 s - a potion of flight


   Skills:
 - Level 2.4 Fighting
 + Level 9.7 Long Blades
 - Level 2.0 Throwing
 - Level 3.2 Dodging


You had 6 spell levels left.
You didn't know any spells.
Your spell library contained the following spells:

 Spells                   Type           Power      Damage    Failure   Level
 Shock                    Conj/Air       0%         1d3       86%         1
 Slow                     Hex            0%         N/A       86%         1
 Confusing Touch          Hex            0%         N/A       99%         3
 Gell's Gravitas          Tloc           0%         N/A       99%         3
 Swiftness                Air            0%         N/A       99%         3
 Teleport Other           Tloc           0%         N/A       99%         3
 Vampiric Draining        Necr           0%         2d6       99%         3
 Airstrike                Air            0%         2d(0-16)  100%        4
 Dispersal                Tloc           0%         N/A       100%        6


Dungeon Overview and Level Annotations

Branches:
Dungeon (5/15)
 Temple: D:4-7

Altars:
Yredelemnul

Annotations:
D:1 exclusion: downstairs
D:2 Sigmund


Innate Abilities, Weirdness & Mutations

You are amphibious.
You cover ground slowly.
You can hop short distances.
You have an extended range of vision and can be seen from far away.


Message History

Throw: 3 boomerangs (disperse)
Press: ? - help, Shift-Dir - straight line, f - wyvern
Aim: a wyvern (60% to hit)
You throw a boomerang of dispersal.
The boomerang of dispersal closely misses the wyvern.
The wyvern bites you! The wyvern bites you.
Throw: 2 boomerangs (disperse)
Press: ? - help, Shift-Dir - straight line, f/p - wyvern
Aim: a wyvern (60% to hit)
You throw a boomerang of dispersal.
The boomerang of dispersal hits the wyvern and shatters, but does no damage.
The wyvern bites you! The wyvern closely misses you.
Throw: boomerang (disperse)
Press: ? - help, Shift-Dir - straight line, f/p - wyvern
Aim: a wyvern (60% to hit)
You throw a boomerang of dispersal.
The boomerang of dispersal hits the wyvern and shatters, but does no damage.
The wyvern bites you but does no damage.
You hit the wyvern.
The wyvern is lightly wounded.
The wyvern bites you! The wyvern bites you.
It was a potion of might.
You feel very mighty all of a sudden. The wyvern misses you.
It was a potion of flight.
You feel more buoyant.
The wyvern bites you but does no damage.
The wyvern closely misses you.
It was a potion of attraction.
You feel attractive to monsters. The wyvern bites you!
* * * LOW HITPOINT WARNING * * *
It was a potion of resistance.
You feel protected. The wyvern closely misses you.
The wyvern bites you but does no damage.
It was a potion of brilliance.
You feel clever all of a sudden. The wyvern bites you!
You die...

#..## # ##..# ##..
#.)## #.... ##..#
#..... #..##
#...@.. ##..#
#.......
#...####...5....
###...............
#@.#########.....#
#..l### ..## ##..
# #.. #.. ##. ..
.. ..


You could see a wyvern.

Vanquished Creatures
  Grinder (D:4)
  Eustachio (D:5)
  A jelly (D:4)
  A hound (D:4)
  2 iguanas
  3 adders
  2 worms
  2 dart slugs (D:3)
  7 orcs
  6 ball pythons
  5 endoplasms
  5 giant cockroaches
  5 hobgoblins (D:1)
  2 jackals (D:4)
  3 kobolds
  4 quokkas
  6 bats
  3 frilled lizards
  5 goblins
  2 rats (D:1)
66 creatures vanquished.

Notes
Turn   | Place    | Note
-------+----------+-------------------------------------------
     0 | D:1      | Kenran the Barachi Gladiator began the quest for the Orb.
     0 | D:1      | Reached XP level 1. HP: 17/17 MP: 1/1
   131 | D:1      | Reached skill level 4 in Long Blades
   248 | D:1      | Reached XP level 2. HP: 23/23 MP: 2/2
   534 | D:1      | Reached XP level 3. HP: 28/28 MP: 3/3
   578 | D:1      | Reached skill level 5 in Long Blades
  1061 | D:2      | Noticed Sigmund
  1289 | D:2      | Reached XP level 4. HP: 34/34 MP: 4/4
  1975 | D:3      | Reached skill level 6 in Long Blades
  1979 | D:3      | Found a basalt altar of Yredelemnul.
  2476 | D:3      | Identified a scroll of acquirement
  2478 | D:3      | Acquired the +4 scale mail of the Beginning {Rampage Fly
                  | rPois MP+9}
  2693 | D:4      | Reached XP level 5. HP: 17/39 MP: 5/5
  2929 | D:4      | Reached skill level 7 in Long Blades
  3305 | D:5      | Entered Level 5 of the Dungeon
  3305 | D:5      | Noticed Grinder
  3308 | D:5      | Paralysed by Grinder for 2 turns
  3367 | D:5      | Paralysed by Grinder for 3 turns
  3378 | D:4      | Paralysed by Grinder for 3 turns
  3386 | D:4      | Killed Grinder
  3387 | D:4      | Reached skill level 8 in Long Blades
  3387 | D:4      | Reached XP level 6. HP: 14/46 MP: 6/6
  3605 | D:5      | Reached skill level 9 in Long Blades
  3642 | D:5      | Noticed Eustachio
  3683 | D:5      | Killed Eustachio
  3684 | D:5      | Reached XP level 7. HP: 34/51 MP: 7/7
  3748 | D:5      | Noticed a wyvern
  3758 | D:5      | Slain by a wyvern

Illustrated notes

Levels and vault maps discovered:
D:1:      dpeg_arrival_concentric_ovals, layout_loops_cross, minivault_14
D:2:      layout_basic, uniq_sigmund
D:3:      layout_loops_cross, mainiacjoe_overflow_alcove_4, minivault_25
D:4:      layout_loops_ring
D:5:      layout_cave_pods, minmay_temple_entry_poolview, uniq_grinder,
          uniq_eustachio

Skill      XL: |  1  2  3  4  5  6 |
---------------+-------------------+-----
Long Blades    | 4 5 6 8 9 |  9.7
Fighting       | |  2.4
Throwing       | |  2.0
Dodging        | |  3.2

Action                     |  1- 3 |  4- 6 |  7- 9 || total
---------------------------+-------+-------+-------++-------
  Melee: Long sword        |   102 |   154 |     2 ||   258
         Punch             |     2 |     1 |       ||     3
  Throw: Boomerang         |       |       |     3 ||     3
Ability: Hop               |       |     2 |       ||     2
  Evoke: Wand              |       |     1 |       ||     1
    Use: Scroll            |     1 |     6 |       ||     7
         Potion            |       |     2 |     5 ||     7
 Armour: Leather armour    |    36 |     8 |       ||    44
         Scale mail        |       |    85 |     3 ||    88
         Ring mail         |       |     2 |       ||     2
  Dodge: Dodged            |    56 |   100 |     5 ||   161
